 Dungeon Crawl Stone Soup version 0.29-a0-330-g52719c12eb (webtiles) character file.

Game seed: 14422590511884961070

525 tilp the Charlatan (level 7, -2/52 HPs)
             Began as a Mummy Artificer on May 11, 2022.
             Was a Follower of Makhleb.
             Slain by a yak (12 damage)
             ... on level 4 of the Dungeon.
             The game lasted 00:08:44 (5837 turns).

tilp the Charlatan (Mummy Artificer)                Turns: 5837, Time: 00:08:45

Health: -2/52      AC:  8    Str: 17    XL:     7   Next: 2%
Magic:  7/7        EV:  7    Int: 11    God:    Makhleb [*.....]
Gold:   201        SH:  0    Dex: 12    Spells: 6/6 levels left

rFire   . . .      SeeInvis .   a - +2 trident (venom)
rCold   . . .      Faith    .   (no shield)
rNeg    + + +      Spirit   .   q - +0 chain mail
rPois   ∞          Reflect  .   (no helmet)
rElec   .          Harm     .   (no cloak)
rCorr   .          Rampage  .   (no gloves)
Will    .....                   (no boots)
Stlth   ..........              t - amulet of regeneration
HPRegen 0.97/turn               r - ring of fire
MPRegen 0.10/turn               (no ring)

@: no status effects
A: cold resistance 1, negative energy resistance 3, torment resistance 2, heat
vulnerability 1, in touch with death 1, no potions
a: Renounce Religion


You were on level 4 of the Dungeon.
You worshipped Makhleb.
Makhleb was aware of your devotion.
You visited 1 branch of the dungeon, and saw 4 of its levels.

You collected 201 gold pieces.

Inventory:

Hand Weapons
 a - a +2 trident of venom (weapon)
 b - a +2 dagger of electrocution
 m - a +0 glaive of freezing
 u - a +1 flail of protection
Missiles
 g - 182 stones
 n - 3 atropa-tipped darts
 o - 3 boomerangs of dispersal
 p - 3 poisoned darts (quivered)
 v - a curare-tipped dart
Armour
 j - a +0 leather armour
 l - a +0 ring mail
 q - a +0 chain mail (worn)
Jewellery
 r - a ring of fire (left hand)
 t - an amulet of regeneration (around neck)
 y - an amulet of reflection
Wands
 c - a wand of flame (34)
 d - a wand of charming (6)
 e - a wand of iceblast (7)
 z - a wand of mindburst (10)
Scrolls
 f - 3 scrolls of magic mapping
 h - 2 scrolls of teleportation
 i - a scroll of vulnerability
 k - a scroll of amnesia
 s - a scroll of enchant weapon
 x - a scroll of enchant armour


   Skills:
 + Level 3.3 Fighting
 * Level 2.5 Polearms
 - Level 2.0 Throwing
 - Level 2.0 Armour
 + Level 1.4 Dodging
 - Level 2.0 Stealth
 - Level 4.0 Evocations


You had 6 spell levels left.
You didn't know any spells.
Your spell library contained the following spells:

 Spells                   Type           Power      Damage    Failure   Level
 Call Canine Familiar     Summ           0%         N/A       100%        3
 Portal Projectile        Hex/Tloc       0%         N/A       100%        3
 Leda's Liquefaction      Hex/Erth       0%         N/A       100%        4


Dungeon Overview and Level Annotations

Branches:
Dungeon (4/15)
 Temple: D:4-7

Altars:
Fedhas
Makhleb
Qazlal
Uskayaw
Yredelemnul
Beogh


Innate Abilities, Weirdness & Mutations

You are immune to poison.
Your flesh is cold resistant. (rC+)
You are immune to negative energy. (rN+++)
You are immune to unholy pain and torment.
You are vulnerable to heat. (rF-)
You are in touch with the powers of death.
You do not drink.


Message History

Makhleb accepts your kill.
Training target 3.0 for Fighting reached!
Training target 2.0 for Polearms reached!
Training target 4.0 for Evocations reached!
Training target 2.0 for Stealth reached!
Your Fighting skill increases to level 3!
Your Polearms skill increases to level 2!
Your Stealth skill increases to level 2!
Your Evocations skill increases to level 4!
You need to enable at least one skill for training.
You have reached level 7!
You start resting.
A yak is nearby!
A yak is nearby!
The yak bellows!
You reach to attack!
You hit the yak.
The yak is poisoned.
The yak is moderately wounded.
You puncture the yak!
The yak looks as sick as possible!
The yak is heavily wounded.
The yak gores you!
You hit the yak but do no damage.
The yak looks as sick as possible!
The yak is heavily wounded.
The yak gores you!
You are too injured to fight recklessly!
You are too injured to fight recklessly!
You are too injured to fight recklessly!
You barely miss the yak.
The yak is heavily wounded.
The yak gores you! The yak gores you but does no damage.
You barely miss the yak.
The yak is severely wounded.
The yak gores you!
* * * LOW HITPOINT WARNING * * *
You closely miss the yak.
The yak is severely wounded.
The yak gores you but does no damage.
You puncture the yak!
The yak is almost dead.
The yak gores you!
You die...

#........# #†#
#........###########.#
#........#...†.......#
#........#.###########
#........#.#..........
#........#.#.####.....
#........#.#.# #.....
#.......)....# #.....
#....@Y..#.### #.....
#...†....#.# #.....
###+######.# #.....
#Y# #.# ##'### #.# #†#
#.# #.# #.# #.# #.#
#.# #.# #.######.# #.#
#........# #.#


You could see a yak (very poisoned).

Vanquished Creatures
  A yak (D:4)
  A kobold brigand (D:4)
  2 orc priests (D:3)
  Terence (D:2)
  2 adders
  2 dart slugs (D:3)
  6 ball pythons
  10 endoplasms
  2 giant cockroaches
  9 goblins
  4 hobgoblins
  9 jackals
  4 quokkas
  8 bats
  5 frilled lizards
  3 kobolds
  3 rats
72 creatures vanquished.

Vanquished Creatures (collateral kills)
  A yak (D:4)
  A worm (D:2)
  3 orcs (D:3)
  A giant cockroach (D:2)
  A goblin (D:2)
  A hobgoblin (D:2)
  A ball python (D:2)
9 creatures vanquished.

Vanquished Creatures (others)
  A yak (D:4)
  2 plants (D:4)
  5 toadstools (D:1)
8 creatures vanquished.

Grand Total: 89 creatures vanquished

Notes
Turn   | Place    | Note
-------+----------+-------------------------------------------
     0 | D:1      | tilp the Mummy Artificer began the quest for the Orb.
     0 | D:1      | Reached XP level 1. HP: 15/15 MP: 1/1
   566 | D:1      | Reached skill level 1 in Stealth
   783 | D:1      | Reached skill level 1 in Dodging
  1071 | D:1      | Reached XP level 2. HP: 17/21 MP: 2/2
  1528 | D:1      | Found a faded altar of an unknown god.
  2307 | D:2      | Reached skill level 3 in Evocations
  2558 | D:2      | Gained mutation: You are in touch with the powers of death.
                  | [Mummy growth]
  2558 | D:2      | Reached XP level 3. HP: 25/27 MP: 3/3
  3419 | D:2      | Noticed Terence
  3479 | D:2      | Killed Terence
  3480 | D:2      | Reached skill level 1 in Throwing
  3480 | D:2      | Reached XP level 4. HP: 4/33 MP: 4/4
  4235 | D:3      | Found a burning altar of Makhleb.
  4244 | D:3      | Became a worshipper of Makhleb the Destroyer
  4633 | D:3      | Found a hide-covered altar of Uskayaw.
  4633 | D:3      | Found a basalt altar of Yredelemnul.
  4973 | D:3      | Reached XP level 5. HP: 12/39 MP: 5/5
  5653 | D:4      | Found a blossoming altar of Fedhas.
  5656 | D:4      | Found a stormy altar of Qazlal.
  5667 | D:4      | Reached * piety under Makhleb
  5756 | D:4      | Noticed a yak
  5757 | D:4      | Noticed a yak
  5759 | D:4      | Noticed a yak
  5759 | D:4      | Noticed a yak
  5792 | D:4      | HP: 1/39 [yak (9)]
  5797 | D:4      | Killed a yak
  5798 | D:4      | Reached skill level 1 in Polearms
  5798 | D:4      | Reached XP level 6. HP: 7/46 MP: 6/6
  5819 | D:4      | Killed a yak
  5820 | D:4      | Reached skill level 4 in Evocations
  5820 | D:4      | Reached XP level 7. HP: 34/52 MP: 7/7
  5837 | D:4      | Slain by a yak

Illustrated notes

Levels and vault maps discovered:
D:1:      ldierk_walled_garden, layout_loops_corners,
          ebering_ecumenical_altar_hall
D:2:      kb_forest_paths, layout_loops_ring, kennysheep_potato, uniq_terence
D:3:      layout_rooms, gammafunk_temple_overflow_wave, lightli_temple_of_fire,
          serial_co_window_serial, co_window_paths_a, co_window_paths_a,
          co_window_corner_a, co_window_cross_1, co_window_corner_a,
          co_window_of_opportunity_a, co_window_paths_a,
          co_window_of_opportunity_b, co_window_of_opportunity_c,
          co_window_2corner, co_window_paths_c, co_window_2corner,
          co_window_2corner, co_window_of_opportunity_b, co_window_4corner_b,
          glass_columns_b, glass_columns_a, glass_columns_c,
          kennysheep_orc_chapel
D:4:      layout_basic, grunt_temple_overflow_forces_of_nature, uniq_robin

Skill      XL: |  1  2  3  4  5  6 |
---------------+-------------------+-----
Stealth        | 1 2 |  2.0
Dodging        | 1 |  1.4
Evocations     | 3 4 |  4.0
Fighting       | 2 3 |  3.3
Throwing       | 1 2 |  2.0
Armour         | 2 |  2.0
Polearms       | 1 2 |  2.5

Action                   |  1- 3 |  4- 6 |  7- 9 || total
-------------------------+-------+-------+-------++-------
Melee: Club              |    68 |       |       ||    68
       Short sword       |    64 |       |       ||    64
       Dagger            |    29 |    35 |       ||    64
       Long sword        |    55 |       |       ||    55
       Flail             |       |    18 |       ||    18
       Trident           |       |    39 |     7 ||    46
Evoke: Wand              |     6 |     9 |       ||    15
  Use: Scroll            |     3 |     7 |       ||    10
 Stab: Paralysed         |       |     6 |       ||     6
Armor: Leather armour    |    36 |       |       ||    36
       Ring mail         |    55 |    25 |       ||    80
       Chain mail        |       |    13 |     2 ||    15
Dodge: Dodged            |   165 |    50 |       ||   215

Table legend: (Time is in decaauts)
 A = Elapsed time spent in this place.
 B = Non-inter-level travel time spent in this place.
 C = Inter-level travel time spent in this place.
 D = Time resting spent in this place.
 E = Time spent auto-exploring this place.
 F = Levels seen in this place.
 G = Mean time per level.
                   A        B        C        D        E       F      G
               +--------+--------+--------+--------+--------+-----+--------+
         Total |   5901 |   5597 |    304 |    949 |   3766 |   4 | 1475.2 |
       Dungeon |   5901 |   5597 |    304 |    949 |   3766 |   4 | 1475.2 |
               +--------+--------+--------+--------+--------+-----+--------+

Top non-repeatable levels by time:
     D:1: 2326 daAuts
     D:2: 1876 daAuts
     D:3: 1284 daAuts
     D:4: 415 daAuts
